 Dungeon Crawl Stone Soup version 0.23.2-40-g277498a001 (webtiles) character file.

Game seed: 2878279050775116099

51261 sankara the Fighter (level 14, -11/115 HPs)
             Began as a Gnoll Wanderer on Jan 11, 2020.
             Was a High Priest of Okawaru.
             Mangled by a catoblepas (13 damage)
             ... while petrified by you
             ... on level 6 of the Lair of Beasts.
             The game lasted 01:09:33 (20987 turns).

sankara the Fighter (Gnoll Wanderer)               Turns: 20987, Time: 01:09:34

Health: -11/115    AC: 18    Str: 20    XL:     14   Next: 58%
Magic:  27/27      EV:  2    Int: 16    God:    Okawaru [*****.]
Gold:   578        SH:  0    Dex: 18    Spells: 28/31 levels left

rFire    + . .     SeeInvis .   a - +3 rapier (elec)
rCold    + . .     Gourm    .   s - +0 buckler
rNeg     + + +     Faith    .   X - +2 steam dragon scales
rPois    ∞         Spirit   .   i - +0 helmet of Kikubaaqudgha's Pride {rCorr}
rElec    .         Reflect  +   r - scarf {rC+ rF+}
rCorr    +         Harm     .   H - +1 pair of gloves
MR       +....                  y - +2 pair of boots {run}
Stlth    ++++++....             c - +5 amulet of reflection
HPRegen  0.29/turn              T - +3 ring of strength
MPRegen  0.20/turn              K - +2 ring of intelligence

@: petrified, heroism, quick
A: distributed training, fangs 1, strong nose
a: Heroism, Finesse, Renounce Religion


You were on level 6 of the Lair of Beasts.
You worshipped Okawaru.
Okawaru was extremely pleased with you.
You were not hungry.

You visited 2 branches of the dungeon, and saw 17 of its levels.
You also visited: Ossuary.

You collected 1046 gold pieces.
You spent 468 gold pieces at shops.

Inventory:

Hand Weapons
 a - a +3 rapier of electrocution (weapon)
   (You found it on level 5 of the Dungeon)
 b - the +7 fustibalus "Qaajiob" {flame, rPois Int+4}
   (Okawaru gifted it to you on level 10 of the Dungeon)

   It causes projectiles fired from it to burn those they strike, causing extra
   injury to most foes and up to half again as much damage against particularly
   susceptible opponents.
   It affects your intelligence (+4).
   It protects you from poison.
 P - a +3 hand crossbow
Missiles
 h - 399 stones (quivered)
 l - 138 bolts
 t - 136 sling bullets
 C - 18 poisoned needles
 F - 7 poisoned javelins
Armour
 i - the +0 helmet of Kikubaaqudgha's Pride (worn) {rCorr}
   (You found it on level 8 of the Dungeon)

   It provides partial protection from all sources of acid and corrosion.
 r - a scarf of resistance (worn)
   (You found it on level 2 of the Dungeon)
 s - a +0 buckler (worn)
   (You found it on level 1 of the Lair of Beasts)
 y - a +2 pair of boots of running (worn)
   (Okawaru gifted it to you on level 3 of the Lair of Beasts)
 H - a +1 pair of gloves (worn)
   (You found it on level 2 of the Lair of Beasts)
 W - a +1 leather armour of poison resistance
   (You found it on level 11 of the Dungeon)
 X - +2 steam dragon scales (worn)
   (You found it on level 11 of the Dungeon)
Jewellery
 c - a +5 amulet of reflection (around neck)
   (You found it on level 1 of the Lair of Beasts)
 A - an uncursed amulet of rage {+Rage, !d}
   (You found it on level 8 of the Dungeon)
 K - a +2 ring of intelligence (right hand)
   (You took it off a crimson imp on level 7 of the Dungeon)
 N - an uncursed ring of ice {rC+, rF-}
   (You found it on level 8 of the Dungeon)
 T - a +3 ring of strength (left hand)
   (You found it on level 11 of the Dungeon)
 V - an uncursed ring of flight {+Fly, !d}
   (You found it on level 5 of the Lair of Beasts)
Wands
 o - a wand of disintegration (7)
   (You found it on level 1 of the Lair of Beasts)
 x - a wand of clouds (5)
   (You found it on level 2 of the Lair of Beasts)
 z - a wand of random effects (7)
   (You found it on level 3 of the Lair of Beasts)
 L - a wand of scattershot (7)
   (You found it on level 5 of the Lair of Beasts)
 U - a wand of iceblast (11)
   (You took it off Erolcha on level 11 of the Dungeon)
 Z - a wand of paralysis (6)
   (You found it on level 4 of the Lair of Beasts)
Scrolls
 u - 4 scrolls of blinking {!r}
 w - 6 scrolls of teleportation
 D - 3 scrolls of noise {!r}
 G - 5 scrolls of remove curse
 J - 2 scrolls of amnesia
 S - a scroll of holy word {unknown}
 Y - a scroll of fog
Potions
 d - 12 potions of curing
 e - a potion of degeneration {unknown}
 g - 4 potions of haste
 j - 2 potions of resistance
 k - 4 potions of might
 m - 2 potions of brilliance
 n - 3 potions of flight
 p - 3 potions of heal wounds
 q - 4 potions of lignification {!q}
 v - 5 potions of berserk rage {!q}
 E - 5 potions of agility
 M - a potion of invisibility
 Q - 2 potions of ambrosia
Comestibles
 f - 33 rations
 B - 13 chunks of flesh {@w0}


   Skills:
 + Level 12.2(17.2) Fighting
 + Level 9.2(14.2) Short Blades
 + Level 9.2(14.2) Long Blades
 + Level 9.2(14.2) Axes
 + Level 9.2(14.2) Maces & Flails
 + Level 9.2(14.2) Polearms
 + Level 9.2(14.2) Staves
 + Level 9.2(14.2) Slings
 + Level 9.2(14.2) Bows
 + Level 11.1(16.1) Crossbows
 + Level 9.5(14.5) Throwing
 + Level 9.5(14.5) Armour
 + Level 9.2(14.2) Dodging
 + Level 9.2(14.2) Stealth
 + Level 9.5(14.5) Shields
 + Level 9.2(14.2) Unarmed Combat
 + Level 9.2 Spellcasting
 + Level 7.6 Conjurations
 + Level 7.6 Hexes
 + Level 7.6 Charms
 + Level 7.6 Summonings
 + Level 7.6 Necromancy
 + Level 7.6 Translocations
 + Level 7.6 Transmutations
 + Level 7.6 Fire Magic
 + Level 7.6 Ice Magic
 + Level 7.6 Air Magic
 + Level 7.6 Earth Magic
 + Level 7.6 Poison Magic
 + Level 10.0 Invocations
 + Level 9.2 Evocations


You had 28 spell levels left.
You knew the following spells:

 Your Spells              Type           Power        Failure   Level  Hunger
a - Confuse               Hex            ####....     1%          3    #......

Your spell library contained the following spells:

 Spells                   Type           Power        Failure   Level  Hunger
 Confusing Touch          Hex            ####..       1%          1    None
 Gell's Gravitas          Tloc           ####......   1%          3    #......
 Petrify                  Tmut/Erth      ####....     4%          4    ###....
 Metabolic Englaciation   Hex/Ice        ####......   12%         5    #####..
 Yara's Violent Unravell  Hex/Tmut       ####......   12%         5    #####..


Dungeon Overview and Level Annotations

Branches:
Dungeon (11/15)            Temple (0/1) D:5            Lair (6/6) D:11
 Shoals (0/4) Lair:2        Snake (0/4) Lair:2        Slime (0/5) Lair:6
    Orc (0/2) D:9

Altars:
Cheibriados
Fedhas
Okawaru
Qazlal
The Shining One

Shops:
D:7 [

Annotations:
D:9 3 runed translucent doors, shugdite's ghost, novice MiMo


Innate Abilities, Weirdness & Mutations

Your experience applies equally to all skills.
You have very sharp teeth.
Your uncanny sense of smell can sniff out nearby items.


Message History

You bite the death yak, but do no damage.
The death yak is lightly wounded.
The catoblepas misses you. The yak completely misses you.
You hit the death yak.
The death yak is lightly wounded.
The catoblepas misses you. The yak closely misses you. The death yak gores you!
You puncture the death yak!
Lightning courses through the death yak!
You bite the death yak, but do no damage.
The death yak is heavily wounded.
The yak gores you.
You hit the death yak.
Lightning courses through the death yak!!
The death yak is severely wounded.
The catoblepas breathes a plume of calcifying dust at you.
The blast of calcifying dust hits you but does no damage.
You block the yak's attack. The death yak completely misses you.
The yak barely misses you.
You hit the death yak.
Lightning courses through the death yak!
The death yak is almost dead.
You are engulfed in calcifying dust.
You are slowing down.
The catoblepas gores you!! The yak gores you but does no damage.
The death yak gores you but does no damage.
The yak gores you but does no damage.
Your limbs are stiffening.
You gain the combat prowess of a mighty hero.
The catoblepas barely misses you.
The yak is engulfed in calcifying dust.
The yak is moving more slowly.
The yak barely misses you. The catoblepas gores you.
You have turned to stone.
The catoblepas gores you!!
The death yak is engulfed in calcifying dust.
The death yak is moving more slowly.
The death yak gores you! The death yak completely misses you.
The catoblepas gores you but does no damage.
The catoblepas gores you! The yak gores you but does no damage.
The catoblepas gores you!
The yak stops moving altogether!
The yak gores you but does no damage. The death yak gores you.
The catoblepas gores you but does no damage.
The death yak stops moving altogether!
The yak gores you.
The catoblepas gores you but does no damage.
The yak barely misses you. The catoblepas gores you!
You turn to flesh and can move again.
Unknown command.
Okay, then.
The helpless death yak fails to defend itself.
You perforate the death yak like a sieve!!!!!
Lightning courses through the death yak!!
You kill the death yak!
Okawaru accepts your kill. The yak gores you but does no damage.
You barely miss the catoblepas. You block the catoblepas's attack.
You hit the catoblepas.
Lightning courses through the catoblepas!
The catoblepas is moderately wounded.
You block the yak's attack.
You puncture the catoblepas!
Lightning courses through the catoblepas!
You bite the catoblepas.
The catoblepas is severely wounded.
The catoblepas breathes a plume of calcifying dust at you.
The blast of calcifying dust hits you but does no damage.
You puncture the catoblepas!
Lightning courses through the catoblepas!
The catoblepas is almost dead.
You are engulfed in calcifying dust.
You are slowing down.
The yak gores you!
You barely miss the catoblepas.
The catoblepas is almost dead.
You are engulfed in calcifying dust.
The catoblepas breathes a plume of calcifying dust at you.
The blast of calcifying dust hits you but does no damage.
The yak gores you but does no damage.
You hit the catoblepas but do no damage.
Lightning courses through the catoblepas!
The catoblepas is almost dead.
You are engulfed in calcifying dust.
Your limbs have turned to stone.
The catoblepas breathes a plume of calcifying dust at you.
The blast of calcifying dust hits you but does no damage.
You have turned to stone.
You are engulfed in calcifying dust.
The yak gores you. The catoblepas gores you!!
* * * LOW HITPOINT WARNING * * *
You are engulfed in calcifying dust.
The yak gores you.
* * * LOW HITPOINT WARNING * * *
The catoblepas gores you!!
* * * LOW HITPOINT WARNING * * *
The yak gores you. The catoblepas gores you!
* * * LOW HITPOINT WARNING * * *
The yak is no longer petrified.
The yak gores you.
* * * LOW HITPOINT WARNING * * *
The catoblepas gores you!
* * * LOW HITPOINT WARNING * * *
The yak barely misses you. The yak gores you!
* * * LOW HITPOINT WARNING * * *
The catoblepas gores you!!
You die...

*,,*,*,,,,,,,*,,,,,, #######
****,,,,,,,,,,,,,,,, ##..##.###
***,,,,,,,,,,,,,, ##.......P##
***,,,,,,,,,,,, #P.....#...##
######*,,,,,,,,,,, #.....###P..##
*.P.(#***,,,,,,,,, #P...##
##...####...## *,,,,,,,,,
###.†### ###...##Y...# *,,,,,,,,,
##...## ###..@Y..## *,,,,,,,**
###..## *#..Y##..# ****,*,***
##..P# ##..###*### ******, *
#...## #..## ### *** *, *
##...###.#* ###.## *,****, #
##÷.......####....## ***,,,*,,
####.÷###....P##......#**,,,,,,,,
.##..## ###...#......##*,,,,,,,,,
.....# ##.....##..# *,,,,,,,,,


You could see a catoblepas and 2 yaks.

Vanquished Creatures
  A dire elephant (Lair:5)
  Josephine (Lair:5)
  Erolcha (D:11)
  5 hydras
  A two-headed ogre (D:9)
  A catoblepas (Lair:6)
  12 death yaks
  Pikel (D:5)
  A lindwurm (Lair:5)
  A manticore (Lair:6)
  A cyclops (D:11)
  10 elephants (Lair:5)
  A gargoyle (D:10)
  4 black mambas
  10 spiny frogs
  3 torpor snails (Lair:1)
  2 rime drakes
  7 komodo dragons
  A hornet (D:9)
  12 hippogriffs
  A snapping turtle (Lair:2)
  A shadow (D:11)
  3 wyverns
  Sigmund (D:2)
  3 wraiths (Lair:5)
  A vampire (D:9)
  4 hogs (D:8)
  A hungry ghost (D:9)
  56 yaks
  A human (D:8)
  2 steam dragons
  3 basilisks
  10 water moccasins
  15 porcupines
  2 orc warriors
  3 ice beasts
  A slave (D:5)
  4 black bears
  2 eyes of draining (D:9)
  A phantom (D:5)
  5 sky beasts
  3 centaurs
  3 ogres
  A necrophage (D:10)
  18 wolves
  12 crocodiles
  2 big kobolds
  10 bullfrogs
  A water moccasin zombie (D:8)
  2 wyvern zombies
  A water moccasin skeleton (D:10)
  3 scorpions
  9 wights
  8 killer bees
  5 electric eels
  2 howler monkeys (D:7)
  8 crimson imps
  2 centaur zombies
  Crazy Yiuf (D:2)
  2 orc priests
  10 hounds
  2 jellies
  3 bullfrog skeletons
  3 centaur skeletons
  3 orc wizards
  Jessica (D:2)
  4 iguanas
  10 worker ants
  A killer bee zombie (D:8)
  4 big kobold zombies (Ossuary)
  2 hound zombies
  A mummy (Ossuary)
  2 worker ant zombies
  A howler monkey skeleton (D:6)
  11 adders
  6 shadow imps
  An ooze (D:3)
  An adder skeleton (D:5)
  3 adder zombies
  A worm (D:4)
  2 dart slugs
  5 leopard geckos
  15 orcs
  3 spectral bats (Ossuary)
  4 giant cockroaches
  8 gnoll zombies (Ossuary)
  9 goblins
  9 hobgoblins
  19 kobolds
  5 quokkas
  8 bats
  2 bat simulacra (Ossuary)
  7 frilled lizards
  4 goblin simulacra (Ossuary)
  2 goblin zombies (Ossuary)
  6 hobgoblin zombies (Ossuary)
  4 kobold simulacra (Ossuary)
  6 kobold zombies (Ossuary)
  A leopard gecko skeleton (D:4)
  A leopard gecko zombie (D:5)
  4 orc zombies (Ossuary)
  3 quokka zombies
  7 rats
  3 rat simulacra (Ossuary)
  2 spectral goblins (Ossuary)
  2 spectral kobolds (Ossuary)
  2 spectral rats (Ossuary)
  A fungus (D:11)
503 creatures vanquished.

Vanquished Creatures (others)
  A sky beast (D:10)
  An orc warrior (D:10)
  A big kobold (D:10)
  An orc priest (D:10)
  3 orcs (D:10)
  5 kobolds
  A bush (Lair:1)
  10 fungi
  A plant (Lair:4)
  8 toadstools (Lair:5)
32 creatures vanquished.

Grand Total: 535 creatures vanquished

Notes
Turn   | Place    | Note
-------+----------+-------------------------------------------
     0 | D:1      | sankara the Gnoll Wanderer began the quest for the Orb.
     0 | D:1      | sankara set off with the following items: a +2 hand
                  | crossbow, 25 bolts, a potion of lignification {!q}, a
                  | potion of curing, a +0 robe, a ration
     0 | D:1      | Reached XP level 1. HP: 26/26 MP: 1/1
   100 | D:1      | Reached XP level 2. HP: 33/33 MP: 2/2
   448 | D:1      | Reached XP level 3. HP: 37/38 MP: 3/3
   748 | D:2      | Reached skill level 1 in Invocations
   868 | D:2      | Reached skill level 1 in Short Blades
   868 | D:2      | Reached skill level 1 in Long Blades
   868 | D:2      | Reached skill level 1 in Axes
   868 | D:2      | Reached skill level 1 in Maces & Flails
   868 | D:2      | Reached skill level 1 in Polearms
   868 | D:2      | Reached skill level 1 in Staves
   868 | D:2      | Reached skill level 1 in Slings
   868 | D:2      | Reached skill level 1 in Bows
   868 | D:2      | Reached skill level 1 in Dodging
   868 | D:2      | Reached skill level 1 in Stealth
   868 | D:2      | Reached skill level 1 in Unarmed Combat
   868 | D:2      | Reached skill level 1 in Spellcasting
   868 | D:2      | Reached skill level 1 in Evocations
   868 | D:2      | Reached XP level 4. HP: 38/45 MP: 5/5
  1040 | D:2      | Found a runed translucent door.
  1041 | D:2      | Noticed Crazy Yiuf
  1085 | D:2      | Noticed Sigmund
  1086 | D:2      | Found a stormy altar of Qazlal.
  1113 | D:2      | HP: 11/45 [something/puff of flame (2)]
  1139 | D:2      | Killed Sigmund
  1139 | D:2      | Reached skill level 3 in Throwing
  1139 | D:2      | Reached skill level 3 in Armour
  1139 | D:2      | Reached skill level 3 in Shields
  1139 | D:2      | Reached skill level 1 in Conjurations
  1139 | D:2      | Reached skill level 1 in Hexes
  1139 | D:2      | Reached skill level 1 in Charms
  1139 | D:2      | Reached skill level 1 in Summonings
  1139 | D:2      | Reached skill level 1 in Necromancy
  1139 | D:2      | Reached skill level 1 in Translocations
  1139 | D:2      | Reached skill level 1 in Transmutations
  1139 | D:2      | Reached skill level 1 in Fire Magic
  1139 | D:2      | Reached skill level 1 in Ice Magic
  1139 | D:2      | Reached skill level 1 in Air Magic
  1139 | D:2      | Reached skill level 1 in Earth Magic
  1139 | D:2      | Reached skill level 1 in Poison Magic
  1139 | D:2      | Reached XP level 5. HP: 16/51 MP: 5/7
  1441 | D:2      | Reached XP level 6. HP: 57/57 MP: 8/8
  1447 | D:2      | Noticed Jessica
  1454 | D:2      | Killed Jessica
  1454 | D:2      | Reached skill level 2 in Invocations
  1791 | D:2      | Killed Crazy Yiuf
  2297 | D:3      | Found an iron altar of Okawaru.
  2303 | D:3      | Became a worshipper of Warmaster Okawaru
  2601 | D:3      | Found a blossoming altar of Fedhas.
  2601 | D:3      | Found a glowing golden altar of the Shining One.
  2667 | D:3      | Reached skill level 2 in Short Blades
  2667 | D:3      | Reached skill level 2 in Long Blades
  2667 | D:3      | Reached skill level 2 in Axes
  2667 | D:3      | Reached skill level 2 in Maces & Flails
  2667 | D:3      | Reached skill level 2 in Polearms
  2667 | D:3      | Reached skill level 2 in Staves
  2667 | D:3      | Reached skill level 2 in Slings
  2667 | D:3      | Reached skill level 2 in Bows
  2667 | D:3      | Reached skill level 2 in Dodging
  2667 | D:3      | Reached skill level 2 in Stealth
  2667 | D:3      | Reached skill level 2 in Unarmed Combat
  2667 | D:3      | Reached skill level 2 in Spellcasting
  2667 | D:3      | Reached skill level 2 in Evocations
  3004 | D:4      | Reached XP level 7. HP: 63/63 MP: 10/10
  3480 | D:5      | Entered Level 5 of the Dungeon
  3515 | D:5      | Reached skill level 7 in Crossbows
  3599 | D:5      | Reached skill level 2 in Conjurations
  3599 | D:5      | Reached skill level 2 in Hexes
  3599 | D:5      | Reached skill level 2 in Charms
  3599 | D:5      | Reached skill level 2 in Summonings
  3599 | D:5      | Reached skill level 2 in Necromancy
  3599 | D:5      | Reached skill level 2 in Translocations
  3599 | D:5      | Reached skill level 2 in Transmutations
  3599 | D:5      | Reached skill level 2 in Fire Magic
  3599 | D:5      | Reached skill level 2 in Ice Magic
  3599 | D:5      | Reached skill level 2 in Air Magic
  3599 | D:5      | Reached skill level 2 in Earth Magic
  3599 | D:5      | Reached skill level 2 in Poison Magic
  3635 | D:5      | Reached * piety under Okawaru
  3663 | D:5      | Reached skill level 9 in Fighting
  3691 | D:5      | Found a staircase to the Ecumenical Temple.
  3695 | D:5      | Reached skill level 3 in Invocations
  3706 | D:5      | Reached XP level 8. HP: 47/71 MP: 12/12
  4077 | D:5      | Noticed Pikel
  4086 | D:5      | Killed Pikel
  4086 | D:5      | Reached ** piety under Okawaru
  4086 | D:5      | Reached skill level 3 in Short Blades
  4086 | D:5      | Reached skill level 3 in Long Blades
  4086 | D:5      | Reached skill level 3 in Axes
  4086 | D:5      | Reached skill level 3 in Maces & Flails
  4086 | D:5      | Reached skill level 3 in Polearms
  4086 | D:5      | Reached skill level 3 in Staves
  4086 | D:5      | Reached skill level 3 in Slings
  4086 | D:5      | Reached skill level 3 in Bows
  4086 | D:5      | Reached skill level 4 in Throwing
  4086 | D:5      | Reached skill level 4 in Armour
  4086 | D:5      | Reached skill level 3 in Dodging
  4086 | D:5      | Reached skill level 3 in Stealth
  4086 | D:5      | Reached skill level 4 in Shields
  4086 | D:5      | Reached skill level 3 in Unarmed Combat
  4086 | D:5      | Reached skill level 3 in Spellcasting
  4086 | D:5      | Reached skill level 3 in Evocations
  4393 | D:6      | Reached skill level 4 in Invocations
  4447 | D:6      | Reached skill level 3 in Conjurations
  4447 | D:6      | Reached skill level 3 in Hexes
  4447 | D:6      | Reached skill level 3 in Charms
  4447 | D:6      | Reached skill level 3 in Summonings
  4447 | D:6      | Reached skill level 3 in Necromancy
  4447 | D:6      | Reached skill level 3 in Translocations
  4447 | D:6      | Reached skill level 3 in Transmutations
  4447 | D:6      | Reached skill level 3 in Fire Magic
  4447 | D:6      | Reached skill level 3 in Ice Magic
  4447 | D:6      | Reached skill level 3 in Air Magic
  4447 | D:6      | Reached skill level 3 in Earth Magic
  4447 | D:6      | Reached skill level 3 in Poison Magic
  4498 | D:6      | Reached XP level 9. HP: 66/76 MP: 14/14
  4617 | D:6      | Found a sand-covered staircase.
  4775 | Ossuary  | Entered an ossuary
  5226 | D:6      | Reached skill level 4 in Short Blades
  5226 | D:6      | Reached skill level 4 in Long Blades
  5226 | D:6      | Reached skill level 4 in Axes
  5226 | D:6      | Reached skill level 4 in Maces & Flails
  5226 | D:6      | Reached skill level 4 in Polearms
  5226 | D:6      | Reached skill level 4 in Staves
  5226 | D:6      | Reached skill level 4 in Slings
  5226 | D:6      | Reached skill level 4 in Bows
  5226 | D:6      | Reached skill level 4 in Dodging
  5226 | D:6      | Reached skill level 4 in Stealth
  5226 | D:6      | Reached skill level 4 in Unarmed Combat
  5226 | D:6      | Reached skill level 4 in Spellcasting
  5226 | D:6      | Reached skill level 4 in Evocations
  5668 | D:7      | Noticed a four-headed hydra
  5676 | D:7      | Killed a four-headed hydra
  5676 | D:7      | Reached *** piety under Okawaru
  5676 | D:7      | Reached skill level 8 in Crossbows
  5676 | D:7      | Reached skill level 5 in Throwing
  5676 | D:7      | Reached skill level 5 in Armour
  5676 | D:7      | Reached skill level 5 in Shields
  5823 | D:7      | Reached skill level 5 in Invocations
  6099 | D:7      | Found Xioba's Antique Armour Shoppe.
  6118 | D:7      | Bought a brightly glowing scale mail for 234 gold pieces
  6128 | D:7      | Identified the +1 scale mail of the Bull {rF+ rCorr Dex-4}
                  | (You bought it in a shop on level 7 of the Dungeon)
  6167 | D:7      | Reached XP level 10. HP: 84/84 MP: 17/17
  6625 | D:7      | Reached skill level 4 in Conjurations
  6625 | D:7      | Reached skill level 4 in Hexes
  6625 | D:7      | Reached skill level 4 in Charms
  6625 | D:7      | Reached skill level 4 in Summonings
  6625 | D:7      | Reached skill level 4 in Necromancy
  6625 | D:7      | Reached skill level 4 in Translocations
  6625 | D:7      | Reached skill level 4 in Transmutations
  6625 | D:7      | Reached skill level 4 in Fire Magic
  6625 | D:7      | Reached skill level 4 in Ice Magic
  6625 | D:7      | Reached skill level 4 in Air Magic
  6625 | D:7      | Reached skill level 4 in Earth Magic
  6625 | D:7      | Reached skill level 4 in Poison Magic
  6966 | D:8      | Got a brightly glowing helmet
  6977 | D:8      | Identified the cursed +0 helmet of Kikubaaqudgha's Pride
                  | {rCorr} (You found it on level 8 of the Dungeon)
  7098 | D:8      | Reached skill level 5 in Short Blades
  7098 | D:8      | Reached skill level 5 in Long Blades
  7098 | D:8      | Reached skill level 5 in Axes
  7098 | D:8      | Reached skill level 5 in Maces & Flails
  7098 | D:8      | Reached skill level 5 in Polearms
  7098 | D:8      | Reached skill level 5 in Staves
  7098 | D:8      | Reached skill level 5 in Slings
  7098 | D:8      | Reached skill level 5 in Bows
  7098 | D:8      | Reached skill level 5 in Dodging
  7098 | D:8      | Reached skill level 5 in Stealth
  7098 | D:8      | Reached skill level 5 in Unarmed Combat
  7098 | D:8      | Reached skill level 5 in Spellcasting
  7098 | D:8      | Reached skill level 5 in Evocations
  7123 | D:8      | Reached **** piety under Okawaru
  7123 | D:8      | Received a gift from Okawaru
  7643 | D:8      | Reached skill level 10 in Fighting
  7686 | D:8      | Reached skill level 6 in Throwing
  7686 | D:8      | Reached skill level 6 in Armour
  7686 | D:8      | Reached skill level 6 in Shields
  8066 | D:9      | Reached skill level 6 in Invocations
  8298 | D:9      | HP: 19/85 [electric eel/bolt of electricity (9)]
  8626 | D:9      | Found a snail-covered altar of Cheibriados.
  8643 | D:9      | Noticed a two-headed ogre
  8650 | D:9      | Killed a two-headed ogre
  8650 | D:9      | Reached ***** piety under Okawaru
  8658 | D:9      | Found a runed translucent gate.
  8658 | D:9      | Found a runed translucent gate.
  8658 | D:9      | Found a runed translucent gate.
  8659 | D:9      | Noticed shugdite's ghost (novice MiMo)
  8659 | D:9      | Noticed a spectral centaur warrior
  8688 | D:9      | Reached XP level 11. HP: 65/91 MP: 19/19
  8837 | D:9      | HP: 20/91 [hornet (11)]
  8842 | D:9      | HP: 11/136 [poisoned by a hornet]
  8844 | D:9      | HP: 5/136 [poisoned by a hornet]
  8846 | D:9      | HP: 1/91 [poisoned by a hornet]
  9278 | D:9      | HP: 30/138 [something (11)]
  9598 | D:9      | Learned a level 3 spell: Confuse
  9843 | D:9      | Found a staircase to the Orcish Mines.
  9983 | D:9      | Reached skill level 6 in Short Blades
  9983 | D:9      | Reached skill level 6 in Long Blades
  9983 | D:9      | Reached skill level 6 in Axes
  9983 | D:9      | Reached skill level 6 in Maces & Flails
  9983 | D:9      | Reached skill level 6 in Polearms
  9983 | D:9      | Reached skill level 6 in Staves
  9983 | D:9      | Reached skill level 6 in Slings
  9983 | D:9      | Reached skill level 6 in Bows
  9983 | D:9      | Reached skill level 9 in Crossbows
  9983 | D:9      | Reached skill level 6 in Dodging
  9983 | D:9      | Reached skill level 6 in Stealth
  9983 | D:9      | Reached skill level 6 in Unarmed Combat
  9983 | D:9      | Reached skill level 6 in Spellcasting
  9983 | D:9      | Reached skill level 6 in Evocations
 10047 | D:10     | Entered Level 10 of the Dungeon
 10089 | D:10     | Received a gift from Okawaru
 10090 | D:10     | Got a dazzling fustibalus {god gift}
 10094 | D:10     | Reached skill level 5 in Conjurations
 10094 | D:10     | Reached skill level 5 in Hexes
 10094 | D:10     | Reached skill level 5 in Charms
 10094 | D:10     | Reached skill level 5 in Summonings
 10094 | D:10     | Reached skill level 5 in Necromancy
 10094 | D:10     | Reached skill level 5 in Translocations
 10094 | D:10     | Reached skill level 5 in Transmutations
 10094 | D:10     | Reached skill level 5 in Fire Magic
 10094 | D:10     | Reached skill level 5 in Ice Magic
 10094 | D:10     | Reached skill level 5 in Air Magic
 10094 | D:10     | Reached skill level 5 in Earth Magic
 10094 | D:10     | Reached skill level 5 in Poison Magic
 10096 | D:10     | Identified the +7 fustibalus "Qaajiob" {flame, rPois Int+4}
                  | (Okawaru gifted it to you on level 10 of the Dungeon)
 10434 | D:10     | HP: 20/92 [yak (7)]
 10435 | D:10     | HP: 8/92 [yak (7)]
 11702 | D:11     | Reached skill level 7 in Invocations
 11725 | D:11     | Found a staircase to the Lair.
 11743 | D:11     | Reached skill level 7 in Throwing
 11743 | D:11     | Reached skill level 7 in Armour
 11743 | D:11     | Reached skill level 7 in Shields
 12307 | D:11     | Noticed a cyclops
 12321 | D:11     | Killed a cyclops
 13018 | D:11     | Noticed Erolcha
 13044 | D:11     | Killed Erolcha
 13044 | D:11     | Received a gift from Okawaru
 13206 | D:7      | Bought a bloodstained ring mail for 234 gold pieces
 13216 | D:7      | Identified the +1 ring mail of the Evil One {*Drain +Fly
                  | rC+++ Int-2} (You bought it in a shop on level 7 of the
                  | Dungeon)
 13577 | D:11     | Reached XP level 12. HP: 88/99 MP: 22/22
 13740 | Lair:1   | Entered Level 1 of the Lair of Beasts
 14360 | Lair:1   | Noticed a four-headed hydra
 14370 | Lair:1   | Killed a four-headed hydra
 14495 | Lair:1   | Reached skill level 7 in Short Blades
 14495 | Lair:1   | Reached skill level 7 in Long Blades
 14495 | Lair:1   | Reached skill level 7 in Axes
 14495 | Lair:1   | Reached skill level 7 in Maces & Flails
 14495 | Lair:1   | Reached skill level 7 in Polearms
 14495 | Lair:1   | Reached skill level 7 in Staves
 14495 | Lair:1   | Reached skill level 7 in Slings
 14495 | Lair:1   | Reached skill level 7 in Bows
 14495 | Lair:1   | Reached skill level 7 in Dodging
 14495 | Lair:1   | Reached skill level 7 in Stealth
 14495 | Lair:1   | Reached skill level 7 in Unarmed Combat
 14495 | Lair:1   | Reached skill level 7 in Spellcasting
 14495 | Lair:1   | Reached skill level 7 in Evocations
 14657 | Lair:1   | Reached skill level 11 in Fighting
 14967 | Lair:1   | Received a gift from Okawaru
 15100 | Lair:1   | Reached skill level 6 in Conjurations
 15100 | Lair:1   | Reached skill level 6 in Hexes
 15100 | Lair:1   | Reached skill level 6 in Charms
 15100 | Lair:1   | Reached skill level 6 in Summonings
 15100 | Lair:1   | Reached skill level 6 in Necromancy
 15100 | Lair:1   | Reached skill level 6 in Translocations
 15100 | Lair:1   | Reached skill level 6 in Transmutations
 15100 | Lair:1   | Reached skill level 6 in Fire Magic
 15100 | Lair:1   | Reached skill level 6 in Ice Magic
 15100 | Lair:1   | Reached skill level 6 in Air Magic
 15100 | Lair:1   | Reached skill level 6 in Earth Magic
 15100 | Lair:1   | Reached skill level 6 in Poison Magic
 15128 | Lair:1   | Learned a level 3 spell: Gell's Gravitas
 15149 | Lair:1   | Found a snail-covered altar of Cheibriados.
 15212 | Lair:1   | Reached skill level 8 in Invocations
 15251 | Lair:1   | Received a gift from Okawaru
 16084 | Lair:2   | Found a staircase to the Snake Pit.
 16154 | Lair:2   | Reached skill level 10 in Crossbows
 16154 | Lair:2   | Reached skill level 8 in Throwing
 16154 | Lair:2   | Reached skill level 8 in Armour
 16154 | Lair:2   | Reached skill level 8 in Shields
 16460 | Lair:2   | Received a gift from Okawaru
 16829 | Lair:2   | Found a staircase to the Shoals.
 17268 | Lair:3   | Reached XP level 13. HP: 102/106 MP: 24/24
 17489 | Lair:3   | Received a gift from Okawaru
 17497 | Lair:3   | Reached skill level 8 in Short Blades
 17497 | Lair:3   | Reached skill level 8 in Long Blades
 17497 | Lair:3   | Reached skill level 8 in Axes
 17497 | Lair:3   | Reached skill level 8 in Maces & Flails
 17497 | Lair:3   | Reached skill level 8 in Polearms
 17497 | Lair:3   | Reached skill level 8 in Staves
 17497 | Lair:3   | Reached skill level 8 in Slings
 17497 | Lair:3   | Reached skill level 8 in Bows
 17497 | Lair:3   | Reached skill level 8 in Dodging
 17497 | Lair:3   | Reached skill level 8 in Stealth
 17497 | Lair:3   | Reached skill level 8 in Unarmed Combat
 17497 | Lair:3   | Reached skill level 8 in Spellcasting
 17497 | Lair:3   | Reached skill level 8 in Evocations
 17505 | Lair:3   | Identified a +2 pair of boots of running (Okawaru gifted it
                  | to you on level 3 of the Lair of Beasts)
 18298 | Lair:4   | Reached skill level 9 in Invocations
 18985 | Lair:5   | Reached skill level 7 in Conjurations
 18985 | Lair:5   | Reached skill level 7 in Hexes
 18985 | Lair:5   | Reached skill level 7 in Charms
 18985 | Lair:5   | Reached skill level 7 in Summonings
 18985 | Lair:5   | Reached skill level 7 in Necromancy
 18985 | Lair:5   | Reached skill level 7 in Translocations
 18985 | Lair:5   | Reached skill level 7 in Transmutations
 18985 | Lair:5   | Reached skill level 7 in Fire Magic
 18985 | Lair:5   | Reached skill level 7 in Ice Magic
 18985 | Lair:5   | Reached skill level 7 in Air Magic
 18985 | Lair:5   | Reached skill level 7 in Earth Magic
 18985 | Lair:5   | Reached skill level 7 in Poison Magic
 19203 | Lair:5   | Received a gift from Okawaru
 19203 | Lair:5   | Reached skill level 9 in Throwing
 19203 | Lair:5   | Reached skill level 9 in Armour
 19203 | Lair:5   | Reached skill level 9 in Shields
 19294 | Lair:5   | Noticed Josephine
 19349 | Lair:5   | Killed Josephine
 19349 | Lair:5   | Reached XP level 14. HP: 97/114 MP: 21/26
 19869 | Lair:5   | Noticed a dire elephant
 19889 | Lair:5   | Found a runed translucent door.
 19918 | Lair:5   | Reached skill level 12 in Fighting
 20098 | Lair:5   | Killed a dire elephant
 20214 | Lair:6   | Entered Level 6 of the Lair of Beasts
 20214 | Lair:6   | Found a staircase to the Slime Pits.
 20370 | Lair:6   | Reached skill level 11 in Crossbows
 20379 | Lair:6   | Reached skill level 9 in Short Blades
 20379 | Lair:6   | Reached skill level 9 in Long Blades
 20379 | Lair:6   | Reached skill level 9 in Axes
 20379 | Lair:6   | Reached skill level 9 in Maces & Flails
 20379 | Lair:6   | Reached skill level 9 in Polearms
 20379 | Lair:6   | Reached skill level 9 in Staves
 20379 | Lair:6   | Reached skill level 9 in Slings
 20379 | Lair:6   | Reached skill level 9 in Bows
 20379 | Lair:6   | Reached skill level 9 in Dodging
 20379 | Lair:6   | Reached skill level 9 in Stealth
 20379 | Lair:6   | Reached skill level 9 in Unarmed Combat
 20379 | Lair:6   | Reached skill level 9 in Spellcasting
 20379 | Lair:6   | Reached skill level 9 in Evocations
 20792 | Lair:6   | Received a gift from Okawaru
 20851 | Lair:6   | Reached skill level 10 in Invocations
 20984 | Lair:6   | HP: 22/115 [catoblepas (10)]
 20986 | Lair:6   | HP: 7/115 [catoblepas (7)]
 20987 | Lair:6   | HP: 2/115 [yak (5)]
 20987 | Lair:6   | Mangled by a catoblepas

Skill      XL: |  1  2  3  4  5  6  7  8  9 10 11 12 13 14 |
---------------+-------------------------------------------+-----
Invocations    | 1 2 3 4 5 6 7 8 9 10 | 10.0
Short Blades   | 1 2 3 4 5 6 7 8 9 |  9.2
Long Blades    | 1 2 3 4 5 6 7 8 9 |  9.2
Axes           | 1 2 3 4 5 6 7 8 9 |  9.2
Maces & Flails | 1 2 3 4 5 6 7 8 9 |  9.2
Polearms       | 1 2 3 4 5 6 7 8 9 |  9.2
Staves         | 1 2 3 4 5 6 7 8 9 |  9.2
Slings         | 1 2 3 4 5 6 7 8 9 |  9.2
Bows           | 1 2 3 4 5 6 7 8 9 |  9.2
Dodging        | 1 2 3 4 5 6 7 8 9 |  9.2
Stealth        | 1 2 3 4 5 6 7 8 9 |  9.2
Unarmed Combat | 1 2 3 4 5 6 7 8 9 |  9.2
Spellcasting   | 1 2 3 4 5 6 7 8 9 |  9.2
Evocations     | 1 2 3 4 5 6 7 8 9 |  9.2
Throwing       | 3 4 5 6 7 8 9 |  9.5
Armour         | 3 4 5 6 7 8 9 |  9.5
Shields        | 3 4 5 6 7 8 9 |  9.5
Conjurations   | 1 2 3 4 5 6 7 |  7.6
Hexes          | 1 2 3 4 5 6 7 |  7.6
Charms         | 1 2 3 4 5 6 7 |  7.6
Summonings     | 1 2 3 4 5 6 7 |  7.6
Necromancy     | 1 2 3 4 5 6 7 |  7.6
Translocations | 1 2 3 4 5 6 7 |  7.6
Transmutations | 1 2 3 4 5 6 7 |  7.6
Fire Magic     | 1 2 3 4 5 6 7 |  7.6
Ice Magic      | 1 2 3 4 5 6 7 |  7.6
Air Magic      | 1 2 3 4 5 6 7 |  7.6
Earth Magic    | 1 2 3 4 5 6 7 |  7.6
Poison Magic   | 1 2 3 4 5 6 7 |  7.6
Crossbows      | 7 8 9 10 11 | 11.1
Fighting       | 9 10 11 12 | 12.2

Action                   |  1- 3 |  4- 6 |  7- 9 | 10-12 | 13-15 || total
-------------------------+-------+-------+-------+-------+-------++-------
Melee: Unarmed           |    10 |       |       |       |       ||    10
       Short sword       |    17 |       |       |       |       ||    17
       Bite              |     6 |     2 |    39 |    40 |   102 ||   189
       Dagger            |    33 |    17 |       |       |       ||    50
       Rapier            |       |       |   233 |   380 |   489 ||  1102
       Punch             |       |       |     3 |    16 |       ||    19
 Fire: Hand crossbow     |    14 |    26 |   112 |   163 |       ||   315
       Hunting sling     |    19 |   127 |    34 |       |       ||   180
       Fustibalus        |       |       |       |   230 |   136 ||   366
Throw: Stone             |       |       |       |       |     1 ||     1
 Cast: Gell's Gravitas   |       |       |       |     5 |     1 ||     6
       Confuse           |       |       |       |     3 |       ||     3
Invok: Heroism           |       |       |     2 |    16 |    14 ||    32
       Finesse           |       |       |       |     4 |     7 ||    11
 Abil: Evoke Berserk Rag |       |       |       |     5 |       ||     5
  Use: Scroll            |       |     3 |     5 |    11 |     9 ||    28
       Potion            |       |       |       |     1 |       ||     1
 Stab: Sleeping          |       |       |     2 |     3 |     7 ||    12
       Petrified         |       |       |       |       |     1 ||     1
  Eat: Chunk             |       |     6 |    11 |    30 |    12 ||    59
       Ration            |       |       |       |     3 |       ||     3
Armor: Scale mail        |    52 |    43 |   125 |   117 |       ||   337
       Steam dragon scal |       |       |       |    16 |    83 ||    99
Dodge: Dodged            |    53 |    43 |   146 |   314 |   227 ||   783
Block: Buckler           |       |       |       |    41 |   228 ||   269
       Other             |       |       |       |    11 |       ||    11

Levels and vault maps discovered:
D:1:      dpeg_arrival_simpleton_a, layout_loops_ring
D:2:      wad_lake_hut, layout_basic, nicolae_qazlal_general_emergency,
          first_ration, uniq_sigmund, uniq_jessica, uniq_crazy_yiuf_cottage
D:3:      layout_basic, gammafunk_temple_overflow_wave,
          okawaru_metal_pillars_1_2
D:4:      layout_cave_pools
D:5:      cheibrodos_fzero, layout_basic, temple_fountains,
          minmay_misc_feat_four_crosses, uniq_pikel
D:6:      layout_loops_ring, nicolae_ossuary_entry_ruins
D:7:      layout_basic, serial_shops, shop, solitary_fountain
D:8:      layout_loops_corners, grunt_livestock, kennysheep_generic_room_5
D:9:      layout_basic, kennysheep_mini_moat, gammafunk_ghost_necromancy,
          grunt_decor_mini_mirrors
D:10:     layout_cave_pods, lemuel_flamethrower_2
D:11:     layout_grid_maze, due_lair_maze_entry_diamond, uniq_erolcha
Lair:1:   layout_cave_pods, kennysheep_snail_temple
Lair:2:   layout_loops_ring, minmay_shoals_entry_hut, dummy_snake_entry,
          eino_small_chamber_without_monster, beast_lair_carwin_5,
          grunt_megastairs_3
Lair:3:   layout_regular_city
Lair:4:   layout_concentric_octagons, serial_bayou_ford_a
Lair:5:   gammafunk_lair_enchanted_lake, layout_misc_corridors,
          grunt_megastairs_1, serial_bayou_shore_b, uniq_josephine
Lair:6:   evilmike_catoblepas_cave, layout_cave_shapes, slime_dummy
Ossuary:  ossuary_zaba_two_paths

Table legend:
 A = Turns spent in this place as a percentage of turns spent in the entire game.
 B = Non-inter-level travel turns spent in this place as a percentage of non-inter-level travel turns spent in the entire game.
 C = Inter-level travel turns spent in this place as a percentage of turns spent in this place.
 D = Turns resting spent in this place as a percentage of non-inter-level travel turns spent in this place.
 E = Turns spent auto-exploring this place as a percentage of non-inter-level travel turns spent in this place.
 F = Non-inter-level travel turns spent in this place divided by the number of levels of this place that you've seen.
                   A       B       C       D       E      F
               +-------+-------+-------+-------+-------+----------------------
         Total | 100.0 | 100.0 |   4.5 |  25.9 |  51.3 | 1113.3
       Dungeon |  63.6 |  62.6 |   6.0 |  25.8 |  53.1 | 1139.9
          Lair |  34.5 |  35.4 |   2.0 |  27.4 |  48.5 | 1183.5
       Ossuary |   1.9 |   2.0 |   0.0 |   4.2 |  45.2 | 400.0
               +-------+-------+-------+-------+-------+----------------------

Table legend:
 A = Kills in this place as a percentage of kills in entire the game.
 B = Kills by you in this place as a percentage of kills by you in the entire game.
 C = Kills by friends in this place as a percentage of kills by friends in the entire game.
 D = Other kills in this place as a percentage of other kills in the entire game.
 E = Experience gained in this place as a percentage of experience gained in the entire game.
 F = Experience gained in this place divided by the number of levels of this place that you have seen.
                   A       B       C       D       E      F
               +-------+-------+-------+-------+-------+----------------------
         Total | 100.0 | 100.0 |   N/A |   N/A | 100.0 | 4068.3
       Dungeon |  53.5 |  53.5 |   N/A |   N/A |  25.0 | 1662.6
          Lair |  35.9 |  35.9 |   N/A |   N/A |  74.8 | 9127.0
       Ossuary |  10.6 |  10.6 |   N/A |   N/A |   0.2 | 179.0
               +-------+-------+-------+-------+-------+----------------------
